% Time on Ice - WINNIPEG BEAVERS
Lines # - Real PCT - Wanted PCT - Time Play
Normal Forward
1 - 35% - 34% - 18:42
2 - 31% - 32% - 16:54
3 - 26% - 27% - 14:07
4 - 8% - 7% - 4:15
Normal Defense
1 - 32% - 32% - 17:14
2 - 31% - 31% - 16:54
3 - 32% - 31% - 17:17
4 - 5% - 6% - 2:33
PP Forward
1 - 41% - 51% - 1:18
2 - 59% - 49% - 1:51
PP Defense
1 - 65% - 52% - 2:02
2 - 35% - 48% - 1:07
PK Forward
1 - 46% - 50% - 1:20
2 - 54% - 50% - 1:33
PK Defense
1 - 55% - 53% - 1:35
2 - 45% - 47% - 1:18
PK3 Forward
1 - 0% - 50%
2 - 0% - 50%
PK3 Defense
1 - 0% - 50%
2 - 0% - 50%
44 Forward
1 - 0% - 50%
2 - 0% - 50%
44 Defense
1 - 0% - 50%
2 - 0% - 50%
Last Minute Offensive  - 0:00
Last Minute Defensive  - 0:00
Total
Forward - 60:00
Defense - 60:00
% Time on Ice - NORTH DAKOTA HAWKS
Lines # - Real PCT - Wanted PCT - Time Play
Normal Forward
1 - 32% - 32% - 17:21
2 - 31% - 31% - 16:50
3 - 25% - 25% - 13:42
4 - 11% - 12% - 6:05
Normal Defense
1 - 36% - 36% - 19:22
2 - 38% - 36% - 20:20
3 - 14% - 15% - 7:37
4 - 12% - 13% - 6:39
PP Forward
1 - 50% - 50% - 1:27
2 - 50% - 50% - 1:26
PP Defense
1 - 36% - 50% - 1:03
2 - 64% - 50% - 1:50
PK Forward
1 - 47% - 50% - 1:29
2 - 53% - 50% - 1:40
PK Defense
1 - 61% - 50% - 1:55
2 - 39% - 50% - 1:14
PK3 Forward
1 - 0% - 50%
2 - 0% - 50%
PK3 Defense
1 - 0% - 50%
2 - 0% - 50%
44 Forward
1 - 0% - 50%
2 - 0% - 50%
44 Defense
1 - 0% - 50%
2 - 0% - 50%
Last Minute Offensive  - 0:00
Last Minute Defensive  - 0:00
Total
Forward - 60:00
Defense - 60:00
Play-by-Play 1st period 0:01 of 1st period - Nick Suzuki wins face-off versus Joe Pavelski in neutral zone. 0:16 of 1st period - Icing by Nick Suzuki. 0:17 of 1st period - Nick Suzuki wins face-off versus David Krejci in NORTH DAKOTA HAWKS zone. 0:22 of 1st period - Minor Penalty to Jason Robertson for Hooking. 0:23 of 1st period - Nic Dowd wins face-off versus David Krejci in NORTH DAKOTA HAWKS zone. 1:37 of 1st period - Icing by Dylan DeMelo. 1:38 of 1st period - Travis Zajac wins face-off versus Nic Dowd in WINNIPEG BEAVERS zone. 1:42 of 1st period - Icing by Travis Zajac. 1:43 of 1st period - Brandon Sutter wins face-off versus Travis Zajac in WINNIPEG BEAVERS zone. 1:48 of 1st period - Shot by Alex Killorn. 1:48 of 1st period - Shot Misses the Net. 4:14 of 1st period - Shot by Joe Pavelski. 4:14 of 1st period - Shot Misses the Net. 4:16 of 1st period - Shot by Brad Marchand. 4:16 of 1st period - Stopped by Carter Hart without a rebound. 4:17 of 1st period - Travis Zajac wins face-off versus Jack Hughes in NORTH DAKOTA HAWKS zone. 4:18 of 1st period - Shot by Jason Dickinson. 4:18 of 1st period - Stopped by Carter Hart with a rebound. 4:40 of 1st period - Icing by Dougie Hamilton. 4:41 of 1st period - Jack Hughes wins face-off versus Sean Kuraly in NORTH DAKOTA HAWKS zone. 5:34 of 1st period - Dylan DeMelo is hit by Alex Killorn. 5:35 of 1st period - Icing by Dylan DeMelo. 5:36 of 1st period - Brandon Sutter wins face-off versus Travis Zajac in WINNIPEG BEAVERS zone. 5:49 of 1st period - Shot by Colin Blackwell. 5:49 of 1st period - Goal by Colin Blackwell - WINNIPEG BEAVERS : 0 - NORTH DAKOTA HAWKS : 1. 5:50 of 1st period - Joe Pavelski wins face-off versus Alexander Volkov in neutral zone. 5:50 of 1st period - Brad Marchand is hit by Nic Dowd and loses puck. 6:02 of 1st period - Shot by Joe Pavelski. 6:02 of 1st period - Shot Misses the Net. 6:04 of 1st period - Shot by Jack Roslovic. 6:04 of 1st period - Deflect By Brad Marchand. 6:04 of 1st period - Stopped by Carter Hart without a rebound. 6:05 of 1st period - David Krejci wins face-off versus Brandon Sutter in NORTH DAKOTA HAWKS zone. 6:15 of 1st period - David Krejci is hit by Connor Clifton and loses puck. 6:26 of 1st period - Shot by Brandon Sutter. 6:26 of 1st period - Stopped by Linus Ullmark without a rebound. 6:27 of 1st period - Alexander Volkov wins face-off versus Joe Pavelski in WINNIPEG BEAVERS zone. 6:55 of 1st period - Brad Marchand is hit by Dougie Hamilton and loses puck. 7:31 of 1st period - Shot by Dillon Dube. 7:31 of 1st period - Deflect By Colin Blackwell. 7:31 of 1st period - Stopped by Linus Ullmark without a rebound. 7:32 of 1st period - David Krejci wins face-off versus Brandon Sutter in WINNIPEG BEAVERS zone. 7:45 of 1st period - Shot by Quinton Hughes. 7:45 of 1st period - Shot Misses the Net. 8:15 of 1st period - Justin Braun is hit by Colin Blackwell and loses puck. 9:30 of 1st period - Dylan DeMelo is hit by Alex Killorn and loses puck. 9:51 of 1st period - Jason Dickinson is hit by Ryan Lindgren and loses puck. 10:42 of 1st period - Shot by Joe Pavelski. 10:42 of 1st period - Shot Misses the Net. 10:45 of 1st period - Icing by Marc Staal. 10:46 of 1st period - David Krejci wins face-off versus Nic Dowd in NORTH DAKOTA HAWKS zone. 10:49 of 1st period - Shot by Ondrej Palat. 10:49 of 1st period - Shot Hit the Post. 10:51 of 1st period - Shot by Brandon Tanev. 10:51 of 1st period - Goal by Brandon Tanev - WINNIPEG BEAVERS : 1 - NORTH DAKOTA HAWKS : 1. 10:52 of 1st period - Brandon Sutter wins face-off versus David Krejci in neutral zone. 10:56 of 1st period - Colin Blackwell is hit by Ian Cole and loses puck. 11:00 of 1st period - Icing by Justin Braun. 11:01 of 1st period - David Krejci wins face-off versus Jack Hughes in WINNIPEG BEAVERS zone. 11:23 of 1st period - Minor Penalty to Justin Braun for Hooking. 11:24 of 1st period - Nick Suzuki wins face-off versus Travis Zajac in WINNIPEG BEAVERS zone. 11:47 of 1st period - Shot by Jason Robertson. 11:47 of 1st period - Stopped by Linus Ullmark without a rebound. 11:48 of 1st period - Jack Hughes wins face-off versus Sean Kuraly in WINNIPEG BEAVERS zone. 11:49 of 1st period - Shot by Alex Killorn. 11:49 of 1st period - Shot Misses the Net. 11:51 of 1st period - Shot by Alex Killorn. 11:51 of 1st period - Shot Blocked by Rasmus Ristolainen. 11:53 of 1st period - Shot by Dougie Hamilton. 11:53 of 1st period - Stopped by Linus Ullmark without a rebound. 11:54 of 1st period - Sean Kuraly wins face-off versus Jack Hughes in WINNIPEG BEAVERS zone. 12:15 of 1st period - Shot by Jack Hughes. 12:15 of 1st period - Shot Misses the Net. 12:17 of 1st period - Shot by Frank Vatrano. 12:17 of 1st period - Goal by Frank Vatrano - WINNIPEG BEAVERS : 1 - NORTH DAKOTA HAWKS : 2. 12:18 of 1st period - Nick Suzuki wins face-off versus Joe Pavelski in neutral zone. 12:53 of 1st period - Shot by Brad Marchand. 12:53 of 1st period - Shot Misses the Net. 13:28 of 1st period - Shot by Alex Killorn. 13:28 of 1st period - Deflect By Jack Hughes. 13:28 of 1st period - Shot Misses the Net. 13:30 of 1st period - Shot by Frank Vatrano. 13:30 of 1st period - Stopped by Linus Ullmark without a rebound. 13:31 of 1st period - Travis Zajac wins face-off versus Brandon Sutter in WINNIPEG BEAVERS zone. 14:44 of 1st period - Shot by Brandon Tanev. 14:44 of 1st period - Stopped by Carter Hart without a rebound. 14:45 of 1st period - Joe Pavelski wins face-off versus Nick Suzuki in NORTH DAKOTA HAWKS zone. 14:58 of 1st period - Shot by Joe Pavelski. 14:58 of 1st period - Shot Misses the Net. 15:05 of 1st period - Icing by Nick Suzuki. 15:06 of 1st period - Nick Suzuki wins face-off versus David Krejci in NORTH DAKOTA HAWKS zone. 15:18 of 1st period - Shot by Ondrej Palat. 15:18 of 1st period - Shot Misses the Net. 15:31 of 1st period - Ondrej Palat is hit by Josh Manson and loses puck. 15:47 of 1st period - Icing by Nick Suzuki. 15:48 of 1st period - Joe Pavelski wins face-off versus Nick Suzuki in NORTH DAKOTA HAWKS zone. 16:01 of 1st period - Shot by Joe Pavelski. 16:01 of 1st period - Stopped by Carter Hart without a rebound. 16:02 of 1st period - Travis Zajac wins face-off versus Jack Hughes in NORTH DAKOTA HAWKS zone. 16:23 of 1st period - Shot by Alex Killorn. 16:23 of 1st period - Deflect By Frank Vatrano. 16:23 of 1st period - Stopped by Linus Ullmark with a rebound. 16:38 of 1st period - Icing by Marc Staal. 16:39 of 1st period - Joe Pavelski wins face-off versus Jack Hughes in NORTH DAKOTA HAWKS zone. 16:51 of 1st period - Off-side. 16:52 of 1st period - David Krejci wins face-off versus Brandon Sutter in neutral zone. 16:56 of 1st period - Icing by Dougie Hamilton. 16:57 of 1st period - Brandon Sutter wins face-off versus David Krejci in NORTH DAKOTA HAWKS zone. 16:57 of 1st period - Brandon Sutter is hit by Brandon Tanev. 18:44 of 1st period - Minor Penalty to Nic Dowd for Tripping. 18:45 of 1st period - Jack Roslovic wins face-off versus Jason Robertson in NORTH DAKOTA HAWKS zone. 18:46 of 1st period - Shot by Ondrej Palat. 18:46 of 1st period - Stopped by Carter Hart with a rebound. 18:48 of 1st period - Shot by Rasmus Ristolainen. 18:48 of 1st period - Shot Misses the Net. 19:54 of 1st period - Shot by Joe Pavelski. 19:54 of 1st period - Deflect By Brad Marchand. 19:54 of 1st period - Goal by Brad Marchand - WINNIPEG BEAVERS : 2 - NORTH DAKOTA HAWKS : 2. 19:55 of 1st period - Sean Kuraly wins face-off versus Nick Suzuki in neutral zone. Goals for this period are 2 for WINNIPEG BEAVERS vs 2 for NORTH DAKOTA HAWKS. Shots for this period are 8 for WINNIPEG BEAVERS vs 8 for NORTH DAKOTA HAWKS. 2nd period 0:01 of 2nd period - Brandon Sutter wins face-off versus Travis Zajac in neutral zone. 0:11 of 2nd period - Shot by Dillon Dube. 0:11 of 2nd period - Stopped by Linus Ullmark without a rebound. 0:12 of 2nd period - Joe Pavelski wins face-off versus Jack Hughes in WINNIPEG BEAVERS zone. 2:17 of 2nd period - Rasmus Ristolainen is hit by Dillon Dube and loses puck. 2:26 of 2nd period - Brandon Sutter is hit by Brandon Tanev and loses puck. 2:35 of 2nd period - Shot by Brandon Tanev. 2:35 of 2nd period - Stopped by Carter Hart without a rebound. 2:36 of 2nd period - Sean Kuraly wins face-off versus Nick Suzuki in NORTH DAKOTA HAWKS zone. 3:09 of 2nd period - Shot by Jordan Kyrou. 3:09 of 2nd period - Shot Blocked by Kris Russell. 3:11 of 2nd period - Shot by Nick Suzuki. 3:11 of 2nd period - Stopped by Linus Ullmark with a rebound. 3:43 of 2nd period - Shot by Frank Vatrano. 3:43 of 2nd period - Goal by Frank Vatrano - WINNIPEG BEAVERS : 2 - NORTH DAKOTA HAWKS : 3. 3:44 of 2nd period - Nic Dowd wins face-off versus Travis Zajac in neutral zone. 3:59 of 2nd period - Nic Dowd is hit by Travis Zajac and loses puck. 4:35 of 2nd period - Off-side. 4:36 of 2nd period - David Krejci wins face-off versus Nick Suzuki in neutral zone. 4:39 of 2nd period - Nick Suzuki is hit by Brandon Tanev and loses puck. 4:57 of 2nd period - Shot by Brandon Tanev. 4:57 of 2nd period - Shot Misses the Net. 4:59 of 2nd period - Shot by Justin Braun. 4:59 of 2nd period - Stopped by Carter Hart without a rebound. 5:00 of 2nd period - Jack Hughes wins face-off versus Joe Pavelski in NORTH DAKOTA HAWKS zone. 6:33 of 2nd period - Shot by Brandon Tanev. 6:33 of 2nd period - Stopped by Carter Hart with a rebound. 6:41 of 2nd period - Shot by David Krejci. 6:41 of 2nd period - Shot Misses the Net. 7:06 of 2nd period - Icing by Nick Suzuki. 7:07 of 2nd period - Nick Suzuki wins face-off versus Travis Zajac in NORTH DAKOTA HAWKS zone. 7:07 of 2nd period - Nick Suzuki is hit by Michael Raffl. 7:14 of 2nd period - Icing by Josh Manson. 7:15 of 2nd period - Travis Zajac wins face-off versus Nick Suzuki in NORTH DAKOTA HAWKS zone. 7:57 of 2nd period - Off-side. 7:58 of 2nd period - Brandon Sutter wins face-off versus Joe Pavelski in neutral zone. 8:00 of 2nd period - Off-side. 8:01 of 2nd period - David Krejci wins face-off versus Brandon Sutter in neutral zone. 8:59 of 2nd period - Icing by Rasmus Ristolainen. 9:00 of 2nd period - Jack Hughes wins face-off versus Joe Pavelski in WINNIPEG BEAVERS zone. 9:07 of 2nd period - Jack Hughes is hit by Jack Roslovic and loses puck. 9:39 of 2nd period - Shot by Joe Pavelski. 9:39 of 2nd period - Stopped by Carter Hart without a rebound. 9:40 of 2nd period - Nick Suzuki wins face-off versus Travis Zajac in NORTH DAKOTA HAWKS zone. 10:09 of 2nd period - Shot by Jason Robertson. 10:09 of 2nd period - Stopped by Linus Ullmark without a rebound. 10:10 of 2nd period - David Krejci wins face-off versus Brandon Sutter in WINNIPEG BEAVERS zone. 10:20 of 2nd period - Off-side. 10:21 of 2nd period - Joe Pavelski wins face-off versus Jack Hughes in neutral zone. 10:26 of 2nd period - Icing by Jack Hughes. 10:27 of 2nd period - David Krejci wins face-off versus Jack Hughes in NORTH DAKOTA HAWKS zone. 10:32 of 2nd period - Shot by David Krejci. 10:32 of 2nd period - Stopped by Carter Hart with a rebound. 10:58 of 2nd period - Off-side. 10:59 of 2nd period - Nick Suzuki wins face-off versus Joe Pavelski in neutral zone. 11:04 of 2nd period - Shot by Jason Robertson. 11:04 of 2nd period - Stopped by Linus Ullmark without a rebound. 11:05 of 2nd period - Joe Pavelski wins face-off versus Brandon Sutter in WINNIPEG BEAVERS zone. 11:30 of 2nd period - Shot by Dillon Dube. 11:30 of 2nd period - Stopped by Linus Ullmark without a rebound. 11:31 of 2nd period - Travis Zajac wins face-off versus Nick Suzuki in WINNIPEG BEAVERS zone. 11:39 of 2nd period - Icing by Michael Raffl. 11:40 of 2nd period - Nic Dowd wins face-off versus Travis Zajac in WINNIPEG BEAVERS zone. 12:07 of 2nd period - Off-side. 12:08 of 2nd period - Nick Suzuki wins face-off versus Ondrej Palat in neutral zone. 12:35 of 2nd period - Shot by Jason Robertson. 12:35 of 2nd period - Stopped by Linus Ullmark without a rebound. 12:36 of